 Dungeon Crawl Stone Soup version 0.18.1-5-g4a78601 (webtiles) character file.

42 Martinusm the Skirmisher (level 3, -11/33 HPs)
             Began as a Draconian Berserker on May 9, 2016.
             Was a Follower of Trog.
             Killed from afar by an orc wizard (15 damage)
             ... with a puff of flame
             ... on level 3 of the Dungeon.
             The game lasted 00:12:07 (2783 turns).

Martinusm the Skirmisher (Draconian Berserker)      Turns: 2783, Time: 00:12:07

Health: -11/33     AC:  5    Str: 20    XL:     3   Next: 33%
Magic:  3/3        EV:  7    Int:  7    God:    Trog [*.....]
Gold:   59         SH: 11    Dex: 10    Spells: 0 memorised, 2 levels left

rFire  x . .     SeeInvis .     a - +0 spear
rCold  + . .     Gourm    .     (armour unavailable)
rNeg   . . .     Faith    .     n - +0 large shield
rPois  .         Spirit   .     (helmet restricted)
rElec  .         Dismiss  .     (no cloak)
rCorr  +         Reflect  .     (no gloves)
SustAt .         Harm     +     (no boots)
MR     .....                    f - amulet of harm
Stlth  +.........               l - ring of ice
                                h - ring of resist corrosion

@: not resistant to hostile enchantments, very unstealthy
A: unfitting armour, cold-blooded, AC +5
a: Berserk, Burn Spellbooks, Renounce Religion


You were on level 3 of the Dungeon.
You worshipped Trog.
Trog was aware of your devotion.
You were full.

You visited 1 branch of the dungeon, and saw 3 of its levels.

You collected 59 gold pieces.

Inventory:

Hand Weapons
 a - a +0 spear (weapon)
 m - a +0 whip
 p - a +0 club
Missiles
 e - 37 sling bullets
 g - 154 stones (quivered)
Armour
 n - a +0 large shield (worn)
Jewellery
 f - an amulet of harm (around neck)
 h - a ring of resist corrosion (left hand)
 l - a ring of ice (right hand)
Scrolls
 j - 2 scrolls of identify
 t - a scroll of magic mapping {unknown}
Potions
 k - a potion of heal wounds {unknown}
 o - a potion of haste {unknown}
 q - a potion of resistance {unknown}
Comestibles
 b - a bread ration
 d - a beef jerky
 r - a meat ration


   Skills:
 + Level 4.0 Fighting
 + Level 3.3 Polearms
 + Level 3.2 Dodging


You had 2 spell levels left.
You didn't know any spells.

Dungeon Overview and Level Annotations

Branches:
Dungeon (3/15)

Altars:

Annotations:
D:3 CrazyArbalest's ghost, amateur MiHu


Innate Abilities, Weirdness & Mutations

Your plain brown scales are hard (AC +5).
Your body does not fit into most forms of armour.
You are cold-blooded and may be slowed by cold attacks.


Message History

You block CrazyArbalest's ghost's attack.
You miss something. Something hits you.
CrazyArbalest's ghost closely misses you.
Something hits you but does no damage.
You miss something. You tail-slap something.
CrazyArbalest's ghost hits you but does no damage.
You miss something. Something hits you but does no damage.
You block CrazyArbalest's ghost's attack.
You block something's attack. CrazyArbalest's ghost hits you.
You hit something. You tail-slap something.
You hear some strange, mumbled words.
A magic dart appears from out of thin air!
The magic dart hits you!
* * * LOW HITPOINT WARNING * * *
You block CrazyArbalest's ghost's attack.
CrazyArbalest's ghost makes a sound of rattling chains.
You hear some strange, mumbled words.
A puff of flame appears from out of thin air!
The puff of flame hits you! The fire burns you terribly!
You die...

##### #...#
#...# #.>.##
#.... #...#
#..?# #@# #.#
#.## #W†# .
##.# # #.## #.#
..#
#....#.#####.?#
####..†.#.....#
#......)<)#


You could see CrazyArbalest's ghost.

Vanquished Creatures
  An adder (D:2)
  A worm (D:2)
  2 orcs (D:3)
  2 giant cockroaches
  2 goblins (D:1)
  2 hobgoblins
  4 jackals (D:2)
  5 bats
  2 giant newts
  A kobold (D:2)
  6 rats
28 creatures vanquished.

Notes
Turn   | Place    | Note
--------------------------------------------------------------
     0 | D:1      | Martinusm the Draconian Berserker began the quest for the Orb.
     0 | D:1      | Reached XP level 1. HP: 19/19 MP: 1/1
  1147 | D:2      | Reached XP level 2. HP: 15/27 MP: 2/2
  2109 | D:2      | Reached XP level 3. HP: 33/33 MP: 3/3
  2756 | D:3      | Noticed CrazyArbalest's ghost (amateur MiHu)
  2760 | D:3      | Reached skill level 4 in Fighting
  2783 | D:3      | Killed from afar by an orc wizard

Skill      XL: |  1  2  3 |
---------------+----------+-----
Dodging        | 3 |  3.2
Fighting       | 4 |  4.0
Polearms       | |  3.3

Action                   || total
-------------------------++-------
Melee: Spear             ||   102
       Tailslap          ||    15
  Use: Scroll            ||     3
  Eat: Bread ration      ||     2
       Pizza             ||     1
Armor: Skin              ||    47
Dodge: Dodged            ||    62
Block: Large shield      ||    41
